 Dungeon Crawl Stone Soup version 0.22.1-1-ga44c0e5 (webtiles) character file.

102 Fang the Chopper (level 4, -7/29 HPs)
             Began as a Gargoyle Berserker on Oct 17, 2018.
             Was a Believer of Trog.
             Mangled by a gnoll
             ... wielding a +0 spear
              (8 damage)
             ... on level 3 of the Dungeon.
             The game lasted 00:03:03 (2996 turns).

Fang the Chopper (Gargoyle Berserker)               Turns: 2996, Time: 00:03:03

Health: -7/29      AC:  5    Str: 21    XL:     4   Next: 77%
Magic:  4/4        EV: 12    Int:  8    God:    Trog [**....]
Gold:   70         SH:  0    Dex:  9    Spells: 3/3 levels left

rFire    . . .     SeeInvis .   a - +0 hand axe
rCold    . . .     Gourm    .   (no shield)
rNeg     + . .     Faith    .   b - +0 animal skin
rPois    ∞         Spirit   .   (no helmet)
rElec    +         Reflect  .   (no cloak)
rCorr    .         Harm     .   (no gloves)
MR       .....                  (no boots)
Stlth    +.........             (no amulet)
HPRegen  0.09/turn              (no ring)
MPRegen  0.09/turn              (no ring)

@: berserk cooldown, slowed, very slow
A: negative energy resistance 1, electricity resistance, unbreathing,
petrification resistance, rot immunity, AC +3
a: Berserk, Trog's Hand, Renounce Religion


You were on level 3 of the Dungeon.
You worshipped Trog.
Trog was pleased with you.
You were hungry.

You visited 1 branch of the dungeon, and saw 3 of its levels.

You collected 70 gold pieces.

Inventory:

Hand Weapons
 a - a +0 hand axe (weapon)
Armour
 b - a +0 animal skin (worn)
Jewellery
 e - an uncursed ring of stealth {unknown}
 j - an uncursed ring of stealth {unknown}
Wands
 l - a wand of random effects (38)
Scrolls
 d - 2 scrolls of random uselessness {unknown}
 f - 3 scrolls of identify {unknown}
Potions
 g - a potion of degeneration {unknown}
 h - a potion of invisibility {unknown}
 i - a potion of flight {unknown}
Comestibles
 c - 10 rations
 k - 2 chunks of flesh


   Skills:
 + Level 3.9 Fighting
 + Level 4.0 Axes
 + Level 2.3 Armour
 + Level 2.2 Dodging
 + Level 0.2 Stealth


You had 3 spell levels left.
You didn't know any spells.
Your spell library was empty.

Dungeon Overview and Level Annotations

Branches:
Dungeon (3/15)

Altars:
Dithmenos
Yredelemnul


Innate Abilities, Weirdness & Mutations

You are resistant to torment.
Your stone body is resilient. (AC +3)
You are immune to poison.
You resist negative energy. (rN+)
You are resistant to electric shocks. (rElec)
You can survive without breathing.
You are immune to petrification.
You are immune to rotting.


Message History

The gnoll is almost dead.
You slash the gnoll!
You kill the gnoll!
Trog accepts your kill.
Your Axes skill increases to level 4!
The gnoll barely misses you.
Unknown command.
You are no longer berserk.
You pass out from exhaustion.
You feel yourself slow down. The gnoll hits you with a spear.
* * * LOW HITPOINT WARNING * * *
A worm comes into view.
The gnoll hits you but does no damage. The gnoll hits you with a club.
* * * LOW HITPOINT WARNING * * *
The gnoll hits you but does no damage.
You can move again.
You see here a whip.
The gnoll barely misses you. The gnoll hits you with a spear!
You die...

#.# ##.########### .#
#............##..
#..###........... #<.#
#.###...<..# #.##
#.##.......#
########.####..........#
......†....##.)#g......#
.#..####.......)@.......
.##.......####.g.....w.#
.#..###...# #..........#
....# #................#
#.#.# #...###...........
#.#.# #...# ##..........
..#.# .## ...........
.#.#......#.


You could see a worm and 2 gnolls.

Vanquished Creatures
  2 gnolls
  3 adders
  4 worms
  2 leopard geckos
  A ball python (D:3)
  4 bats
  2 giant cockroaches
  2 gnoll zombies (D:2)
  4 goblins
  4 hobgoblins
  8 kobolds
  A frilled lizard (D:2)
  7 rats
44 creatures vanquished.

Notes
Turn   | Place    | Note
-------+----------+-------------------------------------------
     0 | D:1      | Fang the Gargoyle Berserker began the quest for the Orb.
     0 | D:1      | Reached XP level 1. HP: 14/14 MP: 1/1
   132 | D:1      | Reached skill level 3 in Axes
   132 | D:1      | Reached XP level 2. HP: 13/19 MP: 2/2
   536 | D:1      | Reached XP level 3. HP: 24/24 MP: 3/3
  1727 | D:2      | Reached ** piety under Trog
  2052 | D:2      | Found a shadowy altar of Dithmenos.
  2090 | D:2      | Reached XP level 4. HP: 14/29 MP: 4/4
  2583 | D:2      | Found a basalt altar of Yredelemnul.
  2992 | D:3      | Reached skill level 4 in Axes
  2995 | D:3      | HP: 1/29 [gnoll/club (6)]
  2996 | D:3      | Mangled by a gnoll

Skill      XL: |  1  2  3  4 |
---------------+-------------+-----
Axes           | 3 4 |  4.0
Dodging        | 2 |  2.2
Fighting       | |  3.9
Armour         | |  2.3
Stealth        | |  0.2

Action                   |  1- 3 |  4- 6 || total
-------------------------+-------+-------++-------
Melee: Hand axe          |   113 |    54 ||   167
Invok: Berserk           |     3 |     2 ||     5
 Stab: Sleeping          |     1 |       ||     1
  Eat: Chunk             |     5 |     6 ||    11
Armor: Animal skin       |    44 |    17 ||    61
Dodge: Dodged            |    74 |    28 ||   102
